 Dungeon Crawl Stone Soup version 0.26-a0-1213-gd52f5182fe (webtiles) character file.

Game seed: 7170806386328395177

6 sokol815 the Sneak (level 1, 0/11 HPs)
             Began as an Octopode Enchanter on Dec 31, 2020.
             Slain by a jackal (2 damage)
             ... on level 1 of the Dungeon.
             The game lasted 00:00:44 (52 turns).

sokol815 the Sneak (Octopode Enchanter)               Turns: 52, Time: 00:00:45

Health: 0/11       AC:  1    Str:  7    XL:     1   Next: 90%
Magic:  2/3        EV: 13    Int: 17    God:
Gold:   0          SH:  0    Dex: 12    Spells: 3/4 levels left

rFire    . . .     SeeInvis .   a - +1 dagger
rCold    . . .     Faith    .   (no shield)
rNeg     . . .     Spirit   .   (helmet restricted)
rPois    .         Reflect  .   (no amulet)
rElec    .         Harm     .   (no ring)
rCorr    .         Rampage  .   (no ring)
Will     .....                  (no ring)
Stlth    +++.......             (no ring)
HPRegen  0.03/turn              (no ring)
MPRegen  0.08/turn              (no ring)
                                (no ring)
                                (no ring)

@: no status effects
A: almost no armour, stealthy swim, amphibious, 8 rings, constrict 8, camouflage
1, gelatinous body 1
a: no special abilities


You were on level 1 of the Dungeon.
You visited 1 branch of the dungeon, and saw 1 of its levels.

Inventory:

Hand Weapons
 a - a +1 dagger (weapon)


   Skills:
 + Level 1.9 Short Blades
 - Level 2.0 Dodging
 - Level 4.0 Stealth
 - Level 2.0 Spellcasting
 - Level 3.0 Hexes


You had 3 spell levels left.
You knew the following spells:

 Your Spells              Type           Power        Failure   Level
v - Corona                Hex            12%          5%          1

Your spell library contained the following spells:

 Spells                   Type           Power        Failure   Level
 Ensorcelled Hibernation  Hex/Ice        12%          16%         2
 Confusing Touch          Hex            11%          17%         3
 Tukima's Dance           Hex            11%          17%         3
 Dazzling Flash           Conj/Hex       12%          30%         3


Dungeon Overview and Level Annotations

Branches:
Dungeon (1/15)

Altars:


Innate Abilities, Weirdness & Mutations

You cannot wear most types of armour.
You are very stealthy in the water. (Stealth+)
You are amphibious.
You can wear up to eight rings at the same time.
You can use your tentacles to constrict eight enemies at once.
Your skin changes colour to match your surroundings (Stealth+).
Your rubbery body absorbs attacks. (AC +1, EV +1)


Message History

Options error: Bad channel -- rotten_meat (HDAMessageColors.rc:46) Welcome, sokol815 the Octopode Enchanter.
It is said that the Orb of Zot exists deep within this dungeon.
Found a staircase leading out of the dungeon.
Okay, then.
You open the large door.
There is a large open door here.
You open the large door.
There is a large open door here.
You open the large door.
There is a large open door here.
A rat comes into view.
A bat comes into view.
The rat misses you.
You barely miss the rat. You grab the rat. You constrict the rat.
The rat closely misses you.
You hit the rat but do no damage. You constrict the rat.
You kill the rat!
A jackal comes into view.
A kobold comes into view. It is wielding a +0 short sword.
The kobold shouts!
The jackal barks!
The kobold throws a stone.
The stone hits you but does no damage. The bat misses you.
A jackal comes into view.
You hear a bark!
You hear a shout!
You see here a stone.
You hit the bat. Your grab misses the bat. The bat hits you.
A jackal comes into view.
The kobold throws a stone.
The stone hits you.
You take 4 damage, and have 7/11 hp.
MASSIVE DAMAGE!!
The bat misses you. The bat closely misses you.
You see here 5 gold pieces.
The bat barely misses you. The bat hits you but does no damage.
A jackal comes into view.
You barely miss the jackal. Your grab misses the jackal.
The jackal closely misses you.
You hit the jackal but do no damage. You grab the jackal.
You squeeze the jackal.
You kill the jackal!
The bat barely misses you. The jackal bites you. The bat closely misses you.
You take 2 damage, and have 6/11 hp.
The bat closely misses you.
You are too injured to fight recklessly!
You are too injured to fight recklessly!
You are too injured to fight recklessly!
You are too injured to fight recklessly!
You closely miss the bat. Your grab misses the bat.
Your squeeze misses the bat. The bat misses you. The bat completely misses you.
You hit the bat. Your grab misses the bat. You squeeze the bat.
You kill the bat!
You hit the jackal. You grab the jackal. You constrict the jackal.
The jackal barely misses you.
You hit the jackal but do no damage.
You constrict the jackal, but do no damage.
The jackal struggles to escape constriction.
The jackal completely misses you.
You hit the jackal but do no damage.
You constrict the jackal, but do no damage.
The jackal closely misses you.
You hit the jackal.
You kill the jackal!
You hit the jackal but do no damage. Your grab misses the jackal.
Your squeeze misses the jackal. The jackal completely misses you.
The jackal barks!
The jackal bites you but does no damage.
A hobgoblin comes into view. It is wielding a +0 club.
The jackal bites you.
You take 1 damage, and have 5/11 hp.
You aren't carrying any potions.
The floor.
You don't know that spell.
You don't know that spell.
Aim: a hobgoblin, wielding a +0 club (chance to affect: 64%)
The hobgoblin is outlined in light.
You now have 2/3 mp.
You hit the hobgoblin but do no damage. You grab the hobgoblin.
You constrict the hobgoblin, but do no damage.
The jackal barely misses you. The jackal closely misses you.
The hobgoblin closely misses you.
You hit the hobgoblin. You squeeze the hobgoblin.
You constrict the hobgoblin, but do no damage.
The jackal bites you.
* * * LOW HITPOINT WARNING * * *
The jackal misses you.
You take 3 damage, and have 2/11 hp.
MASSIVE DAMAGE!!
You hit the hobgoblin but do no damage. You squeeze the hobgoblin.
You kill the hobgoblin!
The jackal barely misses you.
The jackal bites you but does no damage.
The jackal barely misses you. x2
Things that are here:
a +0 club; a hobgoblin corpse You hit the jackal.
Your grab misses the jackal. The jackal barely misses you.
You barely miss the jackal. Your grab misses the jackal. The jackal bites you.
You die...

.###.≈≈.###.#
$.##....# #.#
...########.#
.).$#### #..#
......###.##
#......†.###
#..#.h.#.Kh#
#......###h#
#.#..$...#@#
##......#.#....#
#....h..#.####.#
#.###(..# # ..
#..b.....# #.#
#.....#..h.# #
#.....#....#
#.....##.....
###### #...###


You could see 2 jackals and a kobold.

Vanquished Creatures
  A bat (D:1)
  A hobgoblin (D:1)
  2 jackals (D:1)
  A rat (D:1)
5 creatures vanquished.

Notes
Turn   | Place    | Note
-------+----------+-------------------------------------------
     0 | D:1      | sokol815 the Octopode Enchanter began the quest for the
                  | Orb.
     0 | D:1      | Reached XP level 1. HP: 11/11 MP: 3/3
    48 | D:1      | HP: 2/11 [jackal (3)]
    52 | D:1      | Slain by a jackal

Illustrated notes

Levels and vault maps discovered:
D:1:      lightli_arrival_lavapool, layout_basic, minmay_circled_x

Action                   || total
-------------------------++-------
Melee: Dagger            ||    17
       Constrict         ||     4
       Tentacles         ||     4
 Cast: Corona            ||     1
Armor: Skin              ||     3
Dodge: Dodged            ||    24

Table legend: (Time is in decaauts)
 A = Elapsed time spent in this place.
 B = Non-inter-level travel time spent in this place.
 C = Inter-level travel time spent in this place.
 D = Time resting spent in this place.
 E = Time spent auto-exploring this place.
 F = Levels seen in this place.
 G = Mean time per level.
                   A        B        C        D        E       F      G
               +--------+--------+--------+--------+--------+-----+--------+
         Total |     51 |     51 |      0 |      0 |     17 |   1 |   51.0 |
       Dungeon |     51 |     51 |      0 |      0 |     17 |   1 |   51.0 |
               +--------+--------+--------+--------+--------+-----+--------+

Top non-repeatable levels by time:
     D:1: 51 daAuts

Table legend:
 A = Kills in this place as a percentage of kills in entire the game.
 B = Kills by you in this place as a percentage of kills by you in the entire game.
 C = Kills by friends in this place as a percentage of kills by friends in the entire game.
 D = Other kills in this place as a percentage of other kills in the entire game.
 E = Experience gained in this place as a percentage of experience gained in the entire game.
 F = Experience gained in this place divided by the number of levels of this place that you have seen.
                   A       B       C       D       E      F
               +-------+-------+-------+-------+-------+----------------------
         Total | 100.0 | 100.0 |   N/A |   N/A | 100.0 |   9.0
       Dungeon | 100.0 | 100.0 |   N/A |   N/A | 100.0 |   9.0
               +-------+-------+-------+-------+-------+----------------------
